 Dungeon Crawl Stone Soup version 0.28-a0-503-g83f2989fac (webtiles) character file.

Game seed: 5893220410283315068

1558 Borgoz the Slasher (level 8, -3/71 HPs)
             Began as a Hill Orc Fighter on Sept 21, 2021.
             Succumbed to a hornet's poison
             ... while paralysed by a hornet
             ... on level 5 of the Dungeon.
             The game lasted 00:06:16 (5798 turns).

Borgoz the Slasher (Hill Orc Fighter)               Turns: 5798, Time: 00:06:17

Health: -3/71      AC:  7    Str: 19    XL:     8   Next: 88%
Magic:  8/8        EV:  2    Int:  8    God:
Gold:   147        SH:  0    Dex: 12    Spells: 7/7 levels left

rFire   + . .      SeeInvis .   i - +7 dagger of Vefyt Nage {vorpal, rF+ Will+}
rCold   . . .      Faith    .   c - +0 buckler
rNeg    . . .      Spirit   .   b - +0 scale mail
rPois   .          Reflect  .   (no helmet)
rElec   .          Harm     .   (no cloak)
rCorr   .          Rampage  .   (no gloves)
Will    +....                   (no boots)
Stlth   ..........              (no amulet)
HPRegen 0.21/turn               (no ring)
MPRegen 0.11/turn               (no ring)

@: paralysed, lethally poisoned (-3 -> -18), slowed
A: no striking features
a: no special abilities


You were on level 5 of the Dungeon.
You visited 2 branches of the dungeon, and saw 6 of its levels.

You collected 147 gold pieces.

Inventory:

Hand Weapons
 a - a +0 long sword
 i - the +7 dagger of Vefyt Nage (weapon) {vorpal, rF+ Will+}
   (You found it on level 5 of the Dungeon)

   It inflicts extra damage upon your enemies.
   rF:        It protects you from fire.
   Will:      It increases your willpower.
Armour
 b - a +0 scale mail (worn)
 c - a +0 buckler (worn)
Scrolls
 d - a scroll of fog {unknown}
 f - 2 scrolls of identify {unknown}
 g - a scroll of vulnerability {unknown}
 h - a scroll of amnesia {unknown}
 j - a scroll of brand weapon {unknown}
 k - a scroll of holy word {unknown}
Potions
 e - a potion of degeneration {unknown}


   Skills:
 + Level 6.5 Fighting
 * Level 7.2 Long Blades
 + Level 5.8 Armour
 + Level 3.4 Dodging
 + Level 5.6 Shields


You had 7 spell levels left.
You didn't know any spells.
Your spell library was empty.

Dungeon Overview and Level Annotations

Branches:
Dungeon (5/15)             Temple (1/1) D:4

Altars:
Ashenzari
Dithmenos
Elyvilon
Fedhas
Gozag
Makhleb
Nemelex Xobeh
Okawaru
Qazlal
Ru
Sif Muna
Trog
Uskayaw
Vehumet
Wu Jian
Yredelemnul
The Shining One


Message History

You are too injured to fight recklessly!
You are too injured to fight recklessly!
You are too injured to fight recklessly!
You are too injured to fight recklessly!
You hit the iguana.
The iguana is heavily wounded.
You block the iguana's attack.
You hit the iguana.
The iguana is almost dead.
The iguana bites you but does no damage.
You hit the iguana.
You kill the iguana!
You hit the hornet but do no damage. You block the hornet's attack.
You hit the hornet.
The hornet is lightly wounded.
You block the hornet's attack. x2
You hit the hornet but do no damage.
The hornet is lightly wounded.
The hornet stings you!
You feel yourself slow down.
You puncture the hornet!
The hornet is moderately wounded.
The hornet stings you!
* * * LOW HITPOINT WARNING * * *
You are poisoned.
You feel as though you will be slow longer.
The hornet stings you but does no damage.
You hit the hornet.
The hornet is heavily wounded.
You feel very sick. The hornet closely misses you.
You hit the hornet.
The hornet is heavily wounded.
You feel sick. The hornet stings you!
* * * LOW HITPOINT WARNING * * *
You are lethally poisoned!
You feel as though you will be slow longer.
The hornet stings you!
* * * LOW HITPOINT WARNING * * *
You suddenly lose the ability to move!
You die...

.h......# ######## ##
........# #......# #.
........# #......# #.
....o...# #......# #.
........# #......# #.
........# #......# #.
........#########......####.
......>...†..)).'.........'.
........#..@..###......####.
....###....y..# ######..# ##
### ###.....# ##)# ###...#
.#### ###... ..... ##.#.
..### .# . #+# .#


You could see a hornet.

Vanquished Creatures
  Eustachio (D:4)
  A human (D:4)
  A necrophage (D:5)
  2 sky beasts (D:5)
  An ogre (D:4)
  A phantom (D:3)
  2 scorpions (D:5)
  3 vampire bats (D:4)
  2 hounds
  3 orc priests (D:5)
  A jelly (D:4)
  A bullfrog skeleton (D:5)
  A gnoll shaman (D:4)
  A scorpion zombie (D:5)
  A centaur skeleton (D:5)
  2 iguanas
  Natasha (thrice) (D:4)
  2 orc wizards (D:5)
  4 adders
  A shadow imp (D:4)
  A white imp (D:5)
  An ufetubus (D:5)
  A worm (D:3)
  A dart slug (D:1)
  11 orcs
  5 endoplasms
  7 giant cockroaches
  3 goblins (D:4)
  4 hobgoblins
  A jackal (D:4)
  6 quokkas
  8 ball pythons
  12 bats
  A frilled lizard (D:1)
  5 kobolds
  9 rats
110 creatures vanquished.

Notes
Turn   | Place    | Note
-------+----------+-------------------------------------------
     0 | D:1      | Borgoz the Hill Orc Fighter began the quest for the Orb.
     0 | D:1      | Reached XP level 1. HP: 19/19 MP: 1/1
   114 | D:1      | Reached XP level 2. HP: 27/27 MP: 2/2
   759 | D:2      | Reached XP level 3. HP: 33/33 MP: 3/3
  1281 | D:3      | Reached skill level 3 in Long Blades
  1741 | D:3      | Reached skill level 1 in Dodging
  1831 | D:3      | Found a sacrificial altar of Ru.
  1972 | D:3      | Reached XP level 4. HP: 40/40 MP: 4/4
  2024 | D:3      | Noticed a phantom
  2050 | D:3      | Killed a phantom
  2051 | D:3      | Reached XP level 5. HP: 11/47 MP: 5/5
  2367 | D:4      | Found a staircase to the Ecumenical Temple.
  2401 | Temple   | Entered the Ecumenical Temple
  2500 | D:4      | Reached skill level 4 in Long Blades
  2742 | D:4      | Found an opulent altar of Gozag.
  2789 | D:4      | Found a runed translucent door.
  2789 | D:4      | Noticed a human
  2795 | D:4      | Found a basalt altar of Yredelemnul.
  2831 | D:4      | Killed a human
  2832 | D:4      | Reached XP level 6. HP: 23/55 MP: 6/6
  3089 | D:4      | Reached XP level 7. HP: 58/60 MP: 7/7
  3097 | D:4      | Reached skill level 5 in Fighting
  3097 | D:4      | Reached skill level 5 in Long Blades
  3111 | D:4      | Noticed Eustachio
  3165 | D:4      | Killed Eustachio
  3745 | D:4      | Reached skill level 5 in Armour
  3908 | D:4      | Noticed Natasha
  3914 | D:4      | Killed Natasha
  4126 | D:5      | Entered Level 5 of the Dungeon
  4133 | D:5      | Reached skill level 6 in Long Blades
  4133 | D:5      | Reached skill level 5 in Shields
  4133 | D:5      | Reached XP level 8. HP: 70/70 MP: 8/8
  5032 | D:4      | Noticed Natasha
  5041 | D:4      | Killed Natasha
  5163 | D:4      | Noticed Natasha
  5177 | D:4      | Killed Natasha
  5540 | D:5      | Reached skill level 7 in Long Blades
  5622 | D:5      | Identified the +7 dagger of Vefyt Nage {vorpal, rF+ Will+}
  5787 | D:5      | Noticed a hornet
  5797 | D:5      | HP: 1/71 [hornet (8)]
  5797 | D:5      | Paralysed by a hornet for 2 turns
  5798 | D:5      | Succumbed to a hornet's poison

Illustrated notes

Levels and vault maps discovered:
D:1:      minmay_arrival_radiant_lines, layout_rooms, minmay_misc_feat_iff,
          minmay_misc_feat_more_columns, due_unseen_surprise
D:2:      layout_rooms, chequers_decorated_corner, kennysheep_donut,
          hangedman_decor_clover_reticule
D:3:      layout_rooms, lemuel_crystal_altar, grunt_ministairs_6, st_stairs_1,
          kennysheep_generic_room_10
D:4:      layout_basic, nicolae_overflow_crystal_walls, dk_yredelemnul_ordeal,
          minmay_temple_entry_wispy, chequers_serial_rivers_room_a,
          minmay_crystal_room, roderic_batcave, minmay_mini_jars, uniq_natasha,
          uniq_eustachio
D:5:      layout_basic, minmay_manual_mandibuliform
Temple:   zaba_magenta_temple

Skill      XL: |  1  2  3  4  5  6  7  8 |
---------------+-------------------------+-----
Long Blades    | 3 4 6 7 |  7.2
Fighting       | 4 5 6 |  6.5
Dodging        | 1 2 3 |  3.4
Armour         | 4 5 |  5.8
Shields        | 4 5 |  5.6

Action                   |  1- 3 |  4- 6 |  7- 9 || total
-------------------------+-------+-------+-------++-------
Melee: Long sword        |   120 |    88 |   231 ||   439
       Dagger            |       |       |    48 ||    48
  Use: Potion            |       |     1 |     5 ||     6
Armor: Scale mail        |    63 |    62 |   100 ||   225
       Skin              |       |       |    67 ||    67
Dodge: Dodged            |    57 |    48 |   118 ||   223
Block: Buckler           |    24 |    26 |    97 ||   147

Table legend: (Time is in decaauts)
 A = Elapsed time spent in this place.
 B = Non-inter-level travel time spent in this place.
 C = Inter-level travel time spent in this place.
 D = Time resting spent in this place.
 E = Time spent auto-exploring this place.
 F = Levels seen in this place.
 G = Mean time per level.
                   A        B        C        D        E       F      G
               +--------+--------+--------+--------+--------+-----+--------+
         Total |   5862 |   5414 |    448 |   1712 |   2803 |   6 |  977.0 |
       Dungeon |   5788 |   5359 |    429 |   1712 |   2753 |   5 | 1157.6 |
        Temple |     73 |     54 |     19 |      0 |     50 |   1 |   73.0 |
               +--------+--------+--------+--------+--------+-----+--------+

Top non-repeatable levels by time:
     D:4: 2126 daAuts
     D:5: 1286 daAuts
     D:3: 1084 daAuts
     D:2: 675 daAuts
     D:1: 614 daAuts
  Temple: 73 daAuts
